 Dungeon Crawl Stone Soup version 0.32-a0-841-g4648e6c457 (webtiles) character file.

Game seed: 17345506319826911773

871 epen the Shooter (level 7, -2/36 HPs)
             Began as a Spriggan Hunter on Mar 26, 2024.
             Killed by divine providence
             ... invoked by an orc priest
              (9 damage)
             ... on level 5 of the Dungeon.
             The game lasted 00:04:31 (2663 turns).

epen the Shooter (Spriggan Hunter)                  Turns: 2663, Time: 00:04:31

Health: -2/36      AC:  2    Str:  7    XL:     7   Next: 73%
Magic:  8/8        EV: 20    Int: 11    God:
Gold:   285        SH:  0    Dex: 20    Spells: 6/6 levels left

rFire   . . .        a - +1 shortbow (heavy)
rCold   . . .        (shield currently unavailable)
rNeg    . . .        c - +0 robe
rPois   .            (helmet restricted)
rElec   .            (no cloak)
rCorr   .            (gloves unavailable)
SInv    +            (boots unavailable)
Will    +....        q - amulet of regeneration
Stlth   ++++         f - +4 ring of slaying
HPRegen 1.06/turn    (no ring)
MPRegen 0.11/turn

%: no passive effects
@: very quick
A: very small, no large weapons, unfitting armour, see invisible, speed 3
a: Convert to Beogh


You were on level 5 of the Dungeon.
You visited 1 branch of the dungeon, and saw 5 of its levels.

You collected 285 gold pieces.

Inventory:

Hand Weapons
 a - a +1 heavy shortbow (weapon)
Missiles
 m - 2 throwing nets
Armour
 c - a +0 robe (worn)
Jewellery
 f - a +4 ring of slaying (left hand)
 o - an amulet of the acrobat
 q - an amulet of regeneration (around neck)
 s - an amulet of guardian spirit
Wands
 k - a wand of flame (14)
Scrolls
 b - a scroll of butterflies
 g - a scroll of poison {unknown}
 h - a scroll of teleportation
 i - a scroll of silence
 r - a scroll of enchant weapon
Potions
 d - 3 potions of heal wounds
 e - a potion of might {unknown}
 l - 4 potions of enlightenment
 p - a potion of cancellation
 u - a potion of berserk rage {unknown}


   Skills:
 + Level 3.5 Fighting
 * Level 6.9 Ranged Weapons
 + Level 5.6 Dodging
 + Level 6.2 Stealth


You had 6 spell levels left.
You didn't know any spells.
Your spell library was empty.

Dungeon Overview and Level Annotations

Branches:
Dungeon (5/15)
 Temple: D:4-7

Altars:
Hepliaklqana
Kikubaaqudgha

Shops:
D:3 :


Innate Abilities, Weirdness & Mutations

You are very small and have problems with some larger weapons.
You are too small for most types of armour.
You have supernaturally acute eyesight. (SInv)
You cover ground extremely quickly. (Speed+++)


Message History

The orc wizard casts a spell.
The orc wizard flickers and vanishes for a moment.
The orc priest barely misses you.
Fire: a) +1 shortbow (heavy)
Press: ? - help, Shift-Dir - straight line, f/p - orc priest
Aim: an orc priest, wielding a +0 falchion and wearing a +0 leather armour (71% to hit)
You shoot an arrow.
The arrow hits the orc priest but does no damage.
The hound bites you. The hound closely misses you.
The orc priest shouts, "Surrender to Beogh and we'll let you live!"
The orc priest closely misses you. The orc wizard barely misses you.
Fire: a) +1 shortbow (heavy)
Press: ? - help, Shift-Dir - straight line, f/p - orc priest
Aim: an orc priest, wielding a +0 falchion and wearing a +0 leather armour (71% to hit)
You shoot an arrow. The arrow hits the orc priest!
The orc priest is severely wounded.
The hound misses you. The orc priest closely misses you.
The orc wizard closely misses you. The hound misses you.
The orc priest completely misses you. The orc wizard closely misses you.
The hound bites you.
Fire: a) +1 shortbow (heavy)
Press: ? - help, Shift-Dir - straight line, f/p - orc priest
Aim: an orc priest, wielding a +0 falchion and wearing a +0 leather armour (severely wounded, 71% to hit)
You shoot an arrow. The arrow barely misses the orc priest.
The orc priest shouts, "The Pantheon deserves no one's loyalty.
Let us show you the true path!" The hound bites you.
An orc comes into view. It is wielding a +1 whip of draining.
The orc priest hits you with a +0 falchion!
* * * LOW HITPOINT WARNING * * *
The orc wizard completely misses you. The hound closely misses you.
Fire: a) +1 shortbow (heavy)
Press: ? - help, Shift-Dir - straight line, f/p - orc priest
Aim: an orc priest, wielding a +0 falchion and wearing a +0 leather armour (severely wounded, 71% to hit)
You shoot an arrow.
The arrow closely misses the orc priest.
The hound bites you.
* * * LOW HITPOINT WARNING * * *
The orc priest mumbles some strange prayers to Beogh against you.
Beogh smites you!
You die...

........#....+.........######...#
........#....#..........#..'...<#
........#....#..........#..#....'
###.###.###.####.###...###.##.###
# ...ß#.# #.####.###...###.######
##.###.. #.........%.........#..
... ...#........)..........#..
#.# ..#......h##....##....#..
#...##@.########....##. ######oo#
#######. #).# #. ...o #. $..## #.
....# ##..# ####


You could see a hound, an orc priest, an orc wizard (invisible) and an orc.

Vanquished Creatures
  3 ogres (D:4)
  A phantom (D:5)
  A bullfrog (D:4)
  2 scorpions (D:4)
  A bombardier beetle (D:4)
  A jelly (D:4)
  2 orc priests
  An orc wizard (D:5)
  6 gnolls
  6 adders
  7 dart slugs
  3 ribbon worms
  2 orcs
  2 bats
  4 endoplasms
  3 giant cockroaches
  12 goblins
  11 hobgoblins
  6 jackals
  9 quokkas
  4 ball pythons
  3 frilled lizards
  5 kobolds
  3 rats
98 creatures vanquished.

Notes
Turn   | Place    | Note
-------+----------+-------------------------------------------
     0 | D:1      | epen the Spriggan Hunter began the quest for the Orb.
     0 | D:1      | Reached XP level 1. HP: 10/10 MP: 2/2
   165 | D:1      | Reached XP level 2. HP: 13/15 MP: 3/3
   567 | D:1      | Reached XP level 3. HP: 18/18 MP: 4/4
  1063 | D:2      | Reached XP level 4. HP: 23/23 MP: 5/5
  1235 | D:3      | Found Nohebb's Book Shop.
  1284 | D:3      | Found a faded altar of an unknown god.
  1351 | D:3      | You fall into a shaft and drop 1 floor!
  1378 | D:4      | Found a hazy altar of Hepliaklqana.
  1471 | D:4      | Noticed a scorpion
  1476 | D:4      | Killed a scorpion
  1477 | D:4      | Reached skill level 5 in Ranged Weapons
  1477 | D:4      | Reached XP level 5. HP: 27/27 MP: 6/6
  1477 | D:4      | Noticed an ogre
  1481 | D:4      | Killed an ogre
  1490 | D:4      | Reached XP level 6. HP: 32/32 MP: 7/7
  1624 | D:3      | Found an ancient bone altar of Kikubaaqudgha.
  2022 | D:4      | Reached skill level 5 in Stealth
  2093 | D:4      | Reached skill level 5 in Dodging
  2093 | D:4      | Reached XP level 7. HP: 15/36 MP: 8/8
  2299 | D:5      | Entered Level 5 of the Dungeon
  2663 | D:5      | Killed from afar by an orc priest

Illustrated notes

Levels and vault maps discovered:
D:1:      minmay_arrival_doors, layout_loops_ring, serial_bayou_ford_a,
          minmay_strange_pillars, corexii_corridor_pit,
          nicolae_figureground_sparkle
D:2:      layout_basic, item_on_display_a
D:3:      layout_basic, lemuel_crystal_altar, chequers_ecumenical_altar_grove,
          serial_shops, shop
D:4:      layout_cave_pools, mainiacjoe_overflow_concentric_impassable,
          minmay_misc_feat_columns, hex_medium
D:5:      layout_gridville, minmay_misc_feat_hallway

Skill      XL: |  1  2  3  4  5  6  7 |
---------------+----------------------+-----
Stealth        | 2 3 4 5 6 |  6.2
Dodging        | 3 4 5 |  5.6
Fighting       | 2 3 |  3.5
Ranged Weapons | 5 6 |  6.9

Action                     |  1- 3 |  4- 6 |  7- 9 || total
---------------------------+-------+-------+-------++-------
   Fire: Shortbow          |   135 |    90 |    48 ||   273
    Use: Scroll            |       |       |     9 ||     9
 Armour: Robe              |    16 |     6 |    10 ||    32
  Dodge: Dodged            |    35 |    15 |    31 ||    81

Table legend: (Time is in decaauts)
 A = Elapsed time spent in this place.
 B = Non-inter-level travel time spent in this place.
 C = Inter-level travel time spent in this place.
 D = Time resting spent in this place.
 E = Time spent auto-exploring this place.
 F = Levels seen in this place.
 G = Mean time per level.
                   A        B        C        D        E       F      G
               +--------+--------+--------+--------+--------+-----+--------+
         Total |   1872 |   1804 |     68 |    106 |   1224 |   5 |  374.4 |
       Dungeon |   1872 |   1804 |     68 |    106 |   1224 |   5 |  374.4 |
               +--------+--------+--------+--------+--------+-----+--------+

Top non-repeatable levels by time:
     D:1: 561 daAuts
     D:4: 405 daAuts
     D:3: 380 daAuts
     D:2: 275 daAuts
     D:5: 249 daAuts
